 Dungeon Crawl Stone Soup version 0.32-a0-938-g40ac7a0f4d (webtiles) character file.

Game seed: 15387951495027715673

2158 smashvw the Cleaver (level 9, 0/106 HPs)
             Began as an Armataur Berserker on Apr 15, 2024.
             Was a Priest of Trog.
             Slain by a wraith (7 damage)
             ... on level 7 of the Dungeon.
             The game lasted 00:12:12 (6759 turns).

smashvw the Cleaver (Armataur Berserker)            Turns: 6759, Time: 00:12:13

Health: 0/106      AC:  8    Str: 27    XL:     9   Next: 10%
Magic:  9/9        EV:  7    Int:  7    God:    Trog [***...]
Gold:   418        SH:  0    Dex: 10    Spells: 8/8 levels left

rFire   . . .        a - +0 hand axe
rCold   . . .        (no shield)
rNeg    . . .        q - +0 scale mail
rPois   +            s - +1 helmet {SInv}
rElec   .            (no cloak)
rCorr   .            (no gloves)
SInv    +            (no barding)
Will    .....        b - amulet of the acrobat Stlth
                     l - ring of poison resistance
HPRegen 0.37/turn    (no ring)
MPRegen 0.11/turn

%: acrobat, roll
@: berserking, slowed
A: large, deformed body, tough skin 3, armoured tail, rollpage 2
a: Renounce Religion, Berserk, Trog's Hand


You were on level 7 of the Dungeon.
You worshipped Trog.
Trog was most pleased with you.
You visited 1 branch of the dungeon, and saw 7 of its levels.
You also visited: Ossuary.

You collected 418 gold pieces.

Inventory:

Hand Weapons
 a - a +0 hand axe (weapon)
 y - a +0 whip of flaming
Missiles
 z - a throwing net (quivered)
Armour
 q - a +0 scale mail (worn)
 s - a +1 helmet of see invisible (worn)
Jewellery
 b - an amulet of the acrobat (around neck)
 l - a ring of poison resistance (left hand)
 r - a ring of positive energy
Wands
 A - a wand of iceblast (3)
 C - a wand of quicksilver (10)
Scrolls
 d - 4 scrolls of blinking {unknown}
 e - 4 scrolls of teleportation {unknown}
 h - a scroll of noise {unknown}
 j - 10 scrolls of identify {unknown}
 k - a scroll of enchant armour {unknown}
 n - 2 scrolls of vulnerability {unknown}
 o - a scroll of amnesia {unknown}
 p - a scroll of silence {unknown}
 w - 3 scrolls of fog {unknown}
 B - a scroll of enchant weapon {unknown}
Potions
 c - a potion of might {unknown}
 f - 2 potions of enlightenment {unknown}
 g - 4 potions of degeneration {unknown}
 i - a potion of attraction {unknown}
 m - a potion of brilliance {unknown}
 t - 4 potions of curing {unknown}
 u - 2 potions of berserk rage {unknown}
 v - 3 potions of heal wounds {unknown}
 x - a potion of lignification {unknown}


   Skills:
 - Level 4.0 Fighting
 + Level 10.0 Axes
 - Level 3.0 Armour
 - Level 1.3 Dodging


You had 8 spell levels left.
You didn't know any spells.
Your spell library was empty.

Dungeon Overview and Level Annotations

Branches:
Dungeon (7/15)             Temple (0/1) D:5         Ossuary (visited)

Altars:
Fedhas
Ru
Sif Muna
Trog
Zin

Shops:
D:4 *


Innate Abilities, Weirdness & Mutations

Armour fits poorly on your strangely shaped body.
You have extremely tough skin. (AC +3)
You have a long armoured tail.
You regenerate magic and health when rolling toward enemies. (Rampage Regen)


Message History

The wraith is heavily damaged.
The wraith hits you!
You hit the wraith but do no damage. You tail-slap the wraith!
The wraith is severely damaged.
The wraith hits you.
You barely miss the wraith.
Your tail-slap misses the wraith.
The wraith is severely damaged.
The wraith hits you!
* * * LOW HITPOINT WARNING * * *
The wraith drains your vigour!
You feel as though you will be slow longer.
You hit the wraith but do no damage.
The wraith is severely damaged.
The wraith completely misses you.
You hit the wraith but do no damage.
The wraith is severely damaged.
The wraith hits you but does no damage. The wraith hits you.
* * * LOW HITPOINT WARNING * * *
You barely miss the wraith.
The wraith is severely damaged.
The wraith hits you!
* * * LOW HITPOINT WARNING * * *
The wraith drains your vigour!
You feel as though you will be slow longer.
A red film seems to cover your vision as you go berserk!
You feel yourself moving faster!
You feel mighty!
You can no longer call in reinforcements.
The wraith barely misses you.
You closely miss the wraith.
The wraith is severely damaged.
The wraith barely misses you.
You hit the wraith but do no damage.
The wraith is severely damaged.
The wraith hits you.
* * * LOW HITPOINT WARNING * * *
You closely miss the wraith.
You tail-slap the wraith, but do no damage.
The wraith is severely damaged.
The wraith hits you!
You die...

#### .## ... .. ##.. .. ./ #.
... . . #####. #. . .#
.....#.###. #. #.#............
#.#####...............
#....@W..#............
####...(#####............
.........####............
.........#....#........#...
#.......###................
#.....####..#...#..........
####.#........####.......^###.
#...........).# ##...###..#≈#.
..........##.###.........#≈#.


You could see a wraith.

Vanquished Creatures
  2 steam dragons
  An orc warrior (D:7)
  A sky beast (D:7)
  A black bear (D:5)
  An ogre (D:5)
  2 phantoms
  2 centaurs (D:7)
  2 bullfrogs
  An elf zombie (Ossuary)
  2 scorpions (D:7)
  A bombardier beetle (D:4)
  A howler monkey (D:5)
  4 hounds (D:5)
  3 sleepcaps
  4 jellies
  2 gnoll boudas (D:6)
  2 iguanas
  4 orc wizards
  A hound zombie (Ossuary)
  4 mummies (Ossuary)
  12 gnolls (D:6)
  6 adders
  A white imp (D:6)
  2 ufetubi (D:6)
  2 adder zombies (Ossuary)
  2 ribbon worms
  2 dart slugs
  9 orcs
  10 endoplasms
  2 giant cockroaches
  3 gnoll zombies (Ossuary)
  7 goblins
  5 hobgoblins
  5 quokkas
  7 ball pythons
  5 bats
  4 frilled lizards
  A hobgoblin zombie (Ossuary)
  A jackal zombie (Ossuary)
  9 kobolds
  2 orc zombies (Ossuary)
  8 rats
  A rat zombie (Ossuary)
147 creatures vanquished.

Notes
Turn   | Place    | Note
-------+----------+-------------------------------------------
     0 | D:1      | smashvw the Armataur Berserker began the quest for the Orb.
     0 | D:1      | Reached XP level 1. HP: 18/18 MP: 1/1
   113 | D:1      | Found a faded altar of an unknown god.
   128 | D:1      | Reached XP level 2. HP: 21/25 MP: 2/2
   129 | D:1      | Reached skill level 3 in Axes
   489 | D:1      | HP: 1/25 [kobold/+0 whip (3)]
   941 | D:2      | Reached XP level 3. HP: 30/30 MP: 3/3
  1179 | D:2      | Reached ** piety under Trog
  1640 | D:3      | Found a bloodstained altar of Trog.
  1678 | D:3      | Reached skill level 4 in Axes
  1793 | D:3      | Reached XP level 4. HP: 36/37 MP: 4/4
  1795 | D:3      | Found a glowing silver altar of Zin.
  2074 | D:3      | Found a blossoming altar of Fedhas.
  2367 | D:4      | Found Qafuv's Overcharged Wands.
  2699 | D:4      | Reached XP level 5. HP: 39/42 MP: 5/5
  2725 | D:4      | Found a sacrificial altar of Ru.
  2780 | D:4      | Reached skill level 5 in Axes
  2829 | D:4      | Noticed a phantom
  2839 | D:4      | Killed a phantom
  2892 | D:4      | Reached XP level 6. HP: 22/50 MP: 6/6
  3049 | D:5      | Entered Level 5 of the Dungeon
  3059 | D:5      | Found a sand-covered staircase.
  3068 | Ossuary  | Entered an ossuary
  3078 | Ossuary  | Reached *** piety under Trog
  3097 | Ossuary  | Reached skill level 6 in Axes
  3563 | D:5      | Gained mutation: You regenerate magic and health when
                  | rolling toward enemies. (Rampage Regen) [Armataur growth]
  3563 | D:5      | Reached XP level 7. HP: 25/56 MP: 7/7
  3646 | D:5      | Found a staircase to the Ecumenical Temple.
  3653 | D:5      | HP: 3/84 [ogre/+0 giant club (15)]
  3656 | D:5      | Reached skill level 7 in Axes
  3659 | D:5      | HP: 2/84 [orc wizard/puff of flame (5)]
  4362 | D:5      | Found a shimmering blue altar of Sif Muna.
  4923 | D:6      | Reached skill level 8 in Axes
  5017 | D:6      | Reached XP level 8. HP: 62/62 MP: 8/8
  5571 | D:6      | HP: 3/94 [gnoll/+0 flail[a gnoll bouda] (5)]
  6263 | D:7      | Reached skill level 9 in Axes
  6501 | D:7      | Reached XP level 9. HP: 61/71 MP: 9/9
  6659 | D:7      | Reached skill level 10 in Axes
  6662 | D:7      | Reached **** piety under Trog
  6759 | D:7      | Slain by a wraith

Illustrated notes

Levels and vault maps discovered:
D:1:      psy_arrival_radial02, layout_loops_ring,
          ebering_ecumenical_altar_ruins, due_unseen_surprise
D:2:      minmay_razor_zed, layout_basic, grunt_decor_one_mirror
D:3:      layout_basic, mainiacjoe_overflow_alcove_1, fedhas_altar_fruit_tree,
          mainiacjoe_overflow_alcove_2, serial_glass, glass_columns_a,
          glass_columns_a, glass_columns_a, glass_columns_b, glass_columns_a,
          glass_columns_b, glass_columns_c, glass_columns_a
D:4:      layout_basic, mainiacjoe_overflow_24_doors,
          nicolae_shop_overcharged_wands
D:5:      layout_basic, led_sif_book, minmay_temple_entry_trees,
          nicolae_ossuary_entry_monument, kennysheep_boxes
D:6:      layout_gridville, nicolae_figureground_sparkle
D:7:      layout_rooms, chequers_serial_rivers_micro_b,
          minmay_guarded_unrand_finisher

Skill      XL: |  1  2  3  4  5  6  7  8  9 |
---------------+----------------------------+-----
Axes           | 3 4 5 6 8 9 10 | 10.0
Fighting       | 4 |  4.0
Armour         | 3 |  3.0
Dodging        | |  1.3

Action                     |  1- 3 |  4- 6 |  7- 9 || total
---------------------------+-------+-------+-------++-------
  Melee: Hand axe          |   168 |   138 |   297 ||   603
         Tailslap          |    17 |    24 |    49 ||    90
 Invoke: Berserk           |       |     2 |     7 ||     9
 Armour: Animal skin       |   119 |       |       ||   119
         Scale mail        |       |   109 |   258 ||   367
  Dodge: Dodged            |    77 |    53 |   130 ||   260

Table legend: (Time is in decaauts)
 A = Elapsed time spent in this place.
 B = Non-inter-level travel time spent in this place.
 C = Inter-level travel time spent in this place.
 D = Time resting spent in this place.
 E = Time spent auto-exploring this place.
 F = Levels seen in this place.
 G = Mean time per level.
                   A        B        C        D        E       F      G
               +--------+--------+--------+--------+--------+-----+--------+
         Total |   6824 |   6647 |    177 |    714 |   4820 |   8 |  853.0 |
       Dungeon |   6387 |   6210 |    177 |    672 |   4519 |   7 |  912.4 |
       Ossuary |    437 |    437 |      0 |     41 |    301 |   1 |  437.0 |
               +--------+--------+--------+--------+--------+-----+--------+

Top non-repeatable levels by time:
     D:6: 1404 daAuts
     D:5: 1357 daAuts
     D:1: 829 daAuts
     D:2: 817 daAuts
     D:3: 787 daAuts
     D:4: 640 daAuts
     D:7: 551 daAuts
 Ossuary: 437 daAuts
